AoeStats
← InterdimensionalGayfrog

Arabia

510036321Analyzed
1v1 RM · 4d ago on Sep 29, 2026· 37m 43s· 2 players
Game mode
Random Map
Map size
Tiny (2 player)
Population
200
Speed
Normal
Resources
Standard
Victory
Conquest
Starting age
Dark Age
Ending age
Imperial Age
RankedLock teamsTeams togetherTeam positionsShared explorationLock speedFull tech treeHidden civsTurbo modeCheats
Victory
Defeat
🇺🇸 Bohemians · United States
1386
+14
🇦🇺 Danes · Australia
1349
-14
dreameR!
3:11 Loom
9:51 Feudal Age
11:50 Double-Bit Axe
14:06 Fletching
14:17 Padded Archer Armor
14:52 Horse Collar
20:26 Castle Age
19:20 Scale Barding Armor
19:38 Bloodlines
20:53 Forging
20:36 Gold Mining
21:26 Wheelbarrow
25:51 Crossbowman
26:32 Bodkin Arrow
27:32 Bow Saw
31:33 Man-at-Arms
31:59 Gambesons
32:15 Squires
32:01 Arson
31:38 Pikeman
35:28 Imperial Age
34:41 Iron Casting
33:50 Long Swordsman
36:46 Scale Mail Armor
36:57 Two-Handed Swordsman
InterdimensionalGayfrog
7:08 Loom
9:27 Feudal Age
10:02 Double-Bit Axe
9:58 Horse Collar
19:19 Castle Age
20:24 Bow Saw
20:14 Heavy Plow
22:48 Pikeman
23:49 Scale Mail Armor
23:59 Forging
24:46 Sanctity
29:50 Redemption
33:12 Wheelbarrow
36:29 Imperial Age
36:43 Chain Mail Armor
37:03 Iron Casting
36:23 Fletching
Connection lost

Rejoining the realm…

Still unreachable

The connection could not be restored.

Session expired

The server has moved on; the page needs a fresh start.